 Dungeon Crawl Stone Soup version 0.16.1-4-g8e1b745 (webtiles) character file.

316 Zapata the Cudgeler (level 6, -4/55 HPs)
             Began as a Kobold Berserker on Mar 26, 2015.
             Was a Believer of Trog.
             Slain by EmilioHeskey's ghost (17 damage)
             ... on level 3 of the Dungeon.
             The game lasted 00:02:17 (1486 turns).

Zapata the Cudgeler (Kobold Berserker)              Turns: 1486, Time: 00:02:17

Health: -4/55      AC:  7    Str: 23    XL:     6   Next: 73%
Magic:  6/6        EV: 15    Int:  5    God:    Trog [**....]
Gold:   108        SH:  0    Dex: 18    Spells: 0 memorised, 5 levels left

rFire  . . .     SeeInvis .     a - +2 mace (protect)
rCold  . . .     Clarity  .     b - +0 animal skin
rNeg   . . .     SustAb   .     (no shield)
rPois  .         Gourm    .     (no helmet)
rElec  .         Spirit   .     (no cloak)
rCorr  .         Warding  .     (no gloves)
rMut   .         Stasis   .     (no boots)
MR     .....                    (no amulet)
Stlth  ..........               (no ring)
                                j - +3 ring of strength

@: berserking (expiring), very quick, not resistant to hostile enchantments,
extremely unstealthy
A: carnivore 3
a: Burn Spellbooks, Berserk, Trog's Hand, Renounce Religion


You were on level 3 of the Dungeon.
You worshipped Trog.
Trog was pleased with you.
You were not hungry.

You visited 1 branch of the dungeon, and saw 3 of its levels.

You collected 108 gold pieces.

Inventory:

Hand weapons
 a - a +2 mace of protection (weapon)
Missiles
 f - 107 stones (quivered)
Armour
 b - a +0 animal skin (worn)
Jewellery
 j - a +3 ring of strength (left hand)
Scrolls
 e - 2 scrolls of recharging
 g - 2 scrolls of teleportation
 i - a scroll of magic mapping
 k - a scroll of enchant weapon {unknown}
Potions
 d - a potion of degeneration {unknown}
 h - 2 potions of brilliance
 l - a potion of agility {unknown}
 m - a potion of restore abilities {unknown}
Comestibles
 c - a meat ration


   Skills:
 - Level 3.2 Fighting
 + Level 7.0 Maces & Flails
 - Level 1.5 Armour
 - Level 2.4 Dodging


You had 5 spell levels left.
You didn't know any spells.

Dungeon Overview and Level Annotations

Branches:
Dungeon (3/15)

Altars:
Ashenzari
Dithmenos
Fedhas
Sif Muna
Vehumet
The Shining One

Annotations:
D:3 EmilioHeskey's ghost, average HOFi


Innate Abilities, Weirdness & Mutations

You are small and have problems with some larger weapons.
You are carnivorous and can eat meat at any time.


Message History

You hit EmilioHeskey's ghost!
EmilioHeskey's ghost is moderately damaged.
You hit EmilioHeskey's ghost but do no damage.
EmilioHeskey's ghost is moderately damaged.
EmilioHeskey's ghost closely misses you.
You hit EmilioHeskey's ghost.
EmilioHeskey's ghost is heavily damaged.
EmilioHeskey's ghost hits you but does no damage.
You barely miss EmilioHeskey's ghost.
EmilioHeskey's ghost is heavily damaged.
The goblin hits you but does no damage.
You hit EmilioHeskey's ghost but do no damage.
EmilioHeskey's ghost is heavily damaged.
EmilioHeskey's ghost hits you!
* * * LOW HITPOINT WARNING * * *
Huge Dmg: -22%(-12hp) hp: 24%(13hp)
You hit EmilioHeskey's ghost.
EmilioHeskey's ghost is heavily damaged.
The goblin barely misses you. EmilioHeskey's ghost hits you!
You die...

..##### ...##.......#
...##)......# . ..##.......#
.. .$##.......# ...
#.##.......#.... .
#.##.......#....
.....########.##.......#(..(
..........g@W...............
.....########.##....W..#....
# #####.#.............
.........#.............
.......................
.........#.#######.####
#.......#..........### #8##
#.......#..........#..
...8##.......#.###......#.#


You could see EmilioHeskey's ghost and a goblin.

Vanquished Creatures
  Grinder (D:3)
  Terence (D:2)
  5 adders (D:2)
  A giant mite (D:2)
  2 worms (D:3)
  5 giant geckos
  An ooze (D:3)
  A giant cockroach (D:2)
  4 hobgoblins
  4 jackals (D:3)
  4 kobolds
  A quokka (D:3)
  8 bats
  2 giant newts
  2 goblins (D:2)
42 creatures vanquished.

Notes
Turn   | Place    | Note
--------------------------------------------------------------
     0 | D:1      | Zapata, the Kobold Berserker, began the quest for the Orb.
     0 | D:1      | Reached XP level 1. HP: 14/14 MP: 1/1
    32 | D:1      | Reached XP level 2. HP: 17/19 MP: 2/2
   411 | D:2      | Reached skill level 4 in Maces & Flails
   411 | D:2      | Reached XP level 3. HP: 23/23 MP: 3/3
   558 | D:2      | Found a glowing golden altar of the Shining One.
   559 | D:2      | Found a shattered altar of Ashenzari.
   564 | D:2      | Found a deep blue altar of Sif Muna.
   569 | D:2      | Reached XP level 4. HP: 28/28 MP: 4/4
   582 | D:2      | Found a blossoming altar of Fedhas.
   741 | D:2      | Found a radiant altar of Vehumet.
   741 | D:2      | Found a shadowy altar of Dithmenos.
   774 | D:2      | Acquired Trog's second power
   808 | D:2      | Noticed Terence
   816 | D:2      | Killed Terence
   870 | D:2      | Reached skill level 5 in Maces & Flails
  1243 | D:3      | Reached XP level 5. HP: 26/32 MP: 5/5
  1401 | D:3      | Noticed Grinder
  1403 | D:3      | Paralysed by Grinder for 3 turns
  1413 | D:3      | Killed Grinder
  1413 | D:3      | Reached skill level 7 in Maces & Flails
  1413 | D:3      | Reached XP level 6. HP: 20/37 MP: 6/6
  1448 | D:3      | Noticed EmilioHeskey's ghost (average HOFi)
  1486 | D:3      | Slain by EmilioHeskey's ghost

Action                   |  1- 3 |  4- 6 || total
-------------------------+-------+-------++-------
Melee: Mace              |    50 |    83 ||   133
Throw: Stone             |       |     3 ||     3
Invok: Berserk           |     2 |     3 ||     5
       Trog's Hand       |       |     1 ||     1
  Use: Scroll            |       |     4 ||     4
 Stab: Sleeping          |       |     1 ||     1
  Eat: Meat ration       |       |     1 ||     1
       Chunk             |       |     4 ||     4
